 Dungeon Crawl Stone Soup version 0.30-a0-743-gbfdf073431 (webtiles) character file.

Game seed: 6467205435274217269

323 sircluck the Shooter (level 6, -2/32 HPs)
             Began as a Spriggan Hunter on Feb 7, 2023.
             Killed from afar by an electric eel (12 damage)
             ... with a bolt of electricity
             ... on level 3 of the Dungeon.
             The game lasted 00:06:49 (2415 turns).

sircluck the Shooter (Spriggan Hunter)              Turns: 2415, Time: 00:06:49

Health: -2/32      AC:  3    Str:  7    XL:     6   Next: 23%
Magic:  7/7        EV: 18    Int: 11    God:
Gold:   112        SH:  0    Dex: 20    Spells: 5/5 levels left

rFire   . . .      SeeInvis +    a - +0 shortbow
rCold   . . .      Faith    .    (shield currently unavailable)
rNeg    + . .      Spirit   .    q - +1 robe {rN+}
rPois   .          Reflect  .    (helmet restricted)
rElec   .          Harm     .    (no cloak)
rCorr   .          Rampage  .    (gloves unavailable)
Will    +....                    (boots unavailable)
Stlth   ++                       (no amulet)
HPRegen 0.25/turn                (no ring)
MPRegen 0.10/turn                (no ring)

@: very quick
A: very small, no large weapons, unfitting armour, see invisible, speed 3
a: no special abilities


You were on level 3 of the Dungeon.
You visited 1 branch of the dungeon, and saw 3 of its levels.

You collected 112 gold pieces.

Inventory:

Hand Weapons
 a - a +0 shortbow (weapon)
 n - a +0 dagger of speed
 r - a +4 dagger
Missiles
 d - 2 poisoned darts
 e - 19 stones
 t - 3 boomerangs
Armour
 c - a +0 robe
 q - a +1 robe of positive energy (worn)
 v - a +2 helmet of see invisible
Jewellery
 i - an amulet of faith
Wands
 m - a wand of flame (40)
 w - a wand of charming (11)
Scrolls
 b - 3 scrolls of immolation
 g - a scroll of identify {unknown}
 o - a scroll of poison {unknown}
Potions
 f - 3 potions of haste {unknown}
 h - 3 potions of heal wounds {unknown}
 j - a potion of degeneration {unknown}
 k - a potion of mutation {unknown}
 l - a potion of flight {unknown}
 p - 2 potions of lignification {unknown}
 s - a potion of berserk rage {unknown}
 u - a potion of curing {unknown}


   Skills:
 + Level 2.6 Fighting
 + Level 6.8 Ranged Weapons
 + Level 3.4 Dodging
 + Level 1.8 Stealth


You had 5 spell levels left.
You didn't know any spells.
Your spell library contained the following spells:

 Spells                   Type           Power      Damage    Failure   Level
 Frozen Ramparts          Ice            0%         1d1       71%         3
 Ice Form                 Ice/Tmut       0%         N/A       98%         4
 Summon Ice Beast         Ice/Summ       0%         N/A       98%         4


Dungeon Overview and Level Annotations

Branches:
Dungeon (3/15)

Altars:

Annotations:
D:3 1 transporter


Innate Abilities, Weirdness & Mutations

You are very small and have problems with some larger weapons.
You are too small for most types of armour.
You have supernaturally acute eyesight. (SInv)
You cover ground extremely quickly. (Speed+++)


Message History

HP restored.
You open the door.
The electric eel shoots out a bolt of lightning at you!
The bolt of electricity hits you! x2
There is an open door here.
You are too injured to fight recklessly!
You close the door.
You start resting.
HP restored.
You enter the shallow water.
Moving in this stuff is going to be slow.
You open the door.
The electric eel shoots out a bolt of lightning at you!
The bolt of electricity hits you!
You shoot an arrow. The arrow hits the electric eel!
You kill the electric eel!
You shoot an arrow.
The arrow closely misses the electric eel.
The electric eel shoots out a bolt of lightning at you!
The bolt of electricity hits you!
You close the door.
You start resting.
HP restored.
You open the door. You shoot an arrow. The arrow hits the electric eel!
The electric eel is heavily wounded.
The electric eel shoots out a bolt of lightning at you!
The bolt of electricity hits you!
You shoot an arrow. The arrow hits the electric eel!
The electric eel is almost dead.
The electric eel shoots out a bolt of lightning at you!
The bolt of electricity hits you!
You are too injured to fight recklessly!
Fire: a) +0 shortbow
Press: ? - help, Q - select action, (/) - cycle Shift-Dir - straight line, f/p - electric eel
Aim: an electric eel (almost dead, 51% to hit)
You shoot an arrow. The arrow misses the electric eel.
The electric eel shoots out a bolt of lightning at you!
The bolt of electricity hits you!
You die...

.....†....##.....##.....#####.#.#
....†..>..##..<...÷.##### #....
..........##.....#### ##..#
....................# #.##
....###############.# #.#
###.#8P#~~~~~~S#~8#.### ##.##
##..#..#P~~~~..#..#...##### #...#
...©#©$+~~~♣P..'.©#©......###...#
....#..#P~~~~..#@.#..####........
....#8P#~~~~~÷~#~8#.## #####..<)
....###############.# #...#
....................# #...#
...################## #...# ...#
#...# ...# ##### ...# ...#


You could see an electric eel.

Vanquished Creatures
  A scorpion (D:2)
  2 electric eels (D:3)
  Jessica (D:2)
  Robin (D:2)
  5 adders
  3 gnolls (D:3)
  2 worms
  4 dart slugs
  2 ball pythons
  6 bats
  2 endoplasms
  A giant cockroach (D:3)
  13 goblins
  7 hobgoblins
  3 jackals (D:3)
  A quokka (D:1)
  3 frilled lizards (D:1)
  6 kobolds
  5 rats
68 creatures vanquished.

Vanquished Creatures (others)
  6 plants (D:3)
  3 withered plants (D:3)
9 creatures vanquished.

Grand Total: 77 creatures vanquished

Notes
Turn   | Place    | Note
-------+----------+-------------------------------------------
     0 | D:1      | sircluck the Spriggan Hunter began the quest for the Orb.
     0 | D:1      | Reached XP level 1. HP: 10/10 MP: 2/2
   216 | D:1      | Reached XP level 2. HP: 7/14 MP: 3/3
   501 | D:2      | Reached XP level 3. HP: 18/18 MP: 4/4
   616 | D:2      | Reached skill level 5 in Ranged Weapons
   866 | D:2      | Reached XP level 4. HP: 23/23 MP: 5/5
   868 | D:2      | Noticed Robin
   874 | D:2      | Killed Robin
  1051 | D:2      | Noticed a scorpion
  1076 | D:2      | Killed a scorpion
  1077 | D:2      | Reached XP level 5. HP: 21/26 MP: 6/6
  1174 | D:2      | Noticed Jessica
  1177 | D:2      | Killed Jessica
  1178 | D:2      | Reached skill level 6 in Ranged Weapons
  1311 | D:3      | Found a transporter.
  1319 | D:3      | Found a faded altar of an unknown god.
  1685 | D:3      | Found a transporter.
  2112 | D:3      | Reached XP level 6. HP: 32/32 MP: 7/7
  2415 | D:3      | Killed from afar by an electric eel

Illustrated notes

Levels and vault maps discovered:
D:1:      saegor_arrival_simple_b, layout_basic, kennysheep_doodads
D:2:      layout_loops_ring, uniq_robin, uniq_jessica, uniq_terence
D:3:      gammafunk_steamed_eel, layout_rooms,
          shapermc_ecumenical_altar_flowoftime

Skill      XL: |  1  2  3  4  5 |
---------------+----------------+-----
Fighting       | 2 |  2.6
Ranged Weapons | 5 6 |  6.8
Dodging        | 3 |  3.4
Stealth        | |  1.8

Action                     |  1- 3 |  4- 6 || total
---------------------------+-------+-------++-------
   Fire: Shortbow          |    92 |   146 ||   238
 Armour: Robe              |     4 |     9 ||    13
  Dodge: Dodged            |    16 |    83 ||    99

Table legend: (Time is in decaauts)
 A = Elapsed time spent in this place.
 B = Non-inter-level travel time spent in this place.
 C = Inter-level travel time spent in this place.
 D = Time resting spent in this place.
 E = Time spent auto-exploring this place.
 F = Levels seen in this place.
 G = Mean time per level.
                   A        B        C        D        E       F      G
               +--------+--------+--------+--------+--------+-----+--------+
         Total |   1819 |   1728 |     91 |    306 |    841 |   3 |  606.3 |
       Dungeon |   1819 |   1728 |     91 |    306 |    841 |   3 |  606.3 |
               +--------+--------+--------+--------+--------+-----+--------+

Top non-repeatable levels by time:
     D:3: 870 daAuts
     D:2: 638 daAuts
     D:1: 310 daAuts
